 Seeded DCSS version 0.30.1-4-g462c640d31 (webtiles) character file.

Game seed: 6351066067085065685 (custom seed)

17609 Esekla the Thaumaturge (level 12, -2/66 HPs)
             Began as a Deep Elf Necromancer on Aug 12, 2023.
             Was a Believer of Vehumet.
             Slain by a troll (4 damage)
             ... led by an orc knight
             ... on level 1 of the Orcish Mines on Aug 13, 2023.
             The game lasted 01:33:01 (12210 turns).

Esekla the Thaumaturge (Deep Elf Necromancer)      Turns: 12210, Time: 01:33:02

Health: -2/66      AC:  8    Str:  5    XL:     12   Next: 20%
Magic:  13/31      EV: 15    Int: 31    God:    Vehumet [**....]
Gold:   236        SH:  5    Dex: 18    Spells: 7/38 levels left

rFire   . . .        s - +5 rapier of the Hero {heavy, rN+ Dex+3}
rCold   + . .        G - +0 buckler
rNeg    + . .        u - +0 troll leather armour
rPois   +            O - +1 helmet
rElec   .            J - +0 cloak
rCorr   .            k - +0 pair of gloves
SInv    .            (no boots)
Will    +....        D - amulet of magic regeneration
Stlth   ++           c - ring of the Mage {Wiz Archmagi}
HPRegen 1.11/turn    Q - ring of Descent {rPois rC+ Int+5 Stlth-}
MPRegen 0.62/turn

%: wizardry (x1), archmagi
@: wereblooded, studying Fighting
A: no striking features
a: Renounce Religion


You were on level 1 of the Orcish Mines.
You worshipped Vehumet.
Vehumet was pleased with you.
You visited 2 branches of the dungeon, and saw 13 of its levels.
You also visited: Trove and Bailey.

You collected 950 gold pieces.
You spent 714 gold pieces at shops.

Inventory:

Hand Weapons
 a - a +5 scimitar
 r - a +4 trident of venom
 s - the +5 rapier of the Hero (weapon) {heavy, rN+ Dex+3}
   (You found it on level 3 of the Dungeon)

   Dex:       It affects your dexterity (+3).
   rN:        It protects you from negative energy.
Missiles
 t - 54 poisoned darts (quivered)
 y - 7 throwing nets
 M - 3 curare-tipped darts
 N - 5 boomerangs
Armour
 k - a +0 pair of gloves (worn)
 u - a +0 troll leather armour (worn)
 G - a +0 buckler (worn)
 J - a +0 cloak (worn)
 O - a +1 helmet (worn)
Jewellery
 c - the ring of the Mage (left hand) {Wiz Archmagi}
   (You bought it in a shop on level 2 of the Dungeon)

   [ring of wizardry]

   It improves your spell success rate.
   Archmagi:  It increases the power of your magical spells.
 D - an amulet of magic regeneration (around neck)
 K - an amulet of reflection
 L - the ring of Akemeir {Fire Str+4}
   (You found it in a treasure trove)

   [ring of fire]

   It enhances your fire magic.
   Str:       It affects your strength (+4).
   rF:        It protects you from fire.
   rC:        It makes you vulnerable to cold.
 P - a ring of ice
 Q - the ring of Descent (right hand) {rPois rC+ Int+5 Stlth-}
   (You found it in a treasure trove)

   [ring of protection from cold]

   Int:       It affects your intelligence (+5).
   rC:        It protects you from cold.
   rPois:     It protects you from poison.
   Stlth:     It makes you less stealthy.
Wands
 A - a wand of flame (9)
 F - a wand of roots (16)
 H - a wand of mindburst (4)
 S - a wand of digging (7)
Scrolls
 e - 4 scrolls of fear {unknown}
 i - a scroll of vulnerability {unknown}
 l - 2 scrolls of acquirement
 n - 4 scrolls of blinking
 p - 2 scrolls of fog
 v - 2 scrolls of enchant armour {unknown}
 w - 2 scrolls of silence
 z - 4 scrolls of enchant weapon
 B - a scroll of magic mapping {unknown}
 E - a scroll of teleportation
 I - 2 scrolls of poison
 R - a scroll of amnesia
 V - 2 scrolls of identify
Potions
 b - 2 potions of magic
 d - 3 potions of ambrosia {unknown}
 f - 7 potions of attraction {unknown}
 g - 5 potions of haste
 h - 3 potions of mutation {unknown}
 j - 7 potions of curing
 m - a potion of cancellation {unknown}
 o - 4 potions of brilliance
 q - a potion of heal wounds
 x - 2 potions of flight
 C - 2 potions of lignification {unknown}
 T - a potion of might {unknown}
 U - 2 potions of degeneration {unknown}


   Skills:
 * Level 4.2 Fighting
 + Level 4.2(4.9) Short Blades
 + Level 3.3(4.1) Long Blades
 + Level 1.4 Throwing
 * Level 2.8 Armour
 * Level 9.2 Dodging
 + Level 5.1 Stealth
 - Level 3.0 Shields
 * Level 13.6 Spellcasting
 * Level 4.8 Conjurations
 + Level 10.4 Necromancy
 + Level 5.1 Translocations
 + Level 5.1 Transmutations
 * Level 2.5 Fire Magic
 * Level 2.6 Ice Magic
 * Level 2.3 Air Magic
 * Level 2.7 Poison Magic
 + Level 0.8 Evocations


You had 7 spell levels left.
You knew the following spells:

 Your Spells              Type           Power      Damage    Failure   Level
a - Necrotise             Necr           100%       1d9       1%          1
b - Kiss of Death         Conj/Necr      100%       2d13      1%          1
c - Mephitic Cloud        Conj/Pois/Air  58%        N/A       1%          3
d - Vampiric Draining     Necr           91%        2d12      1%          3
f - Fireball              Conj/Fire      30%        3d13      16%         5
g - Freeze                Ice            100%       1d10      1%          1
i - Irradiate             Conj/Tmut      33%        3d22      9%          5
t - Teleport Other        Tloc           68%        N/A       1%          3
v - Poisonous Vapours     Pois/Air       100%       N/A       1%          2
w - Wereblood             Tmut           68%        N/A       1%          2
z - Freezing Cloud        Conj/Ice/Air   29%        6-21      17%         5

Your spell library contained the following spells:

 Spells                   Type           Power      Damage    Failure   Level
 Foxfire                  Conj/Fire      100%       2x1d9     1%          1
 Lesser Beckoning         Tloc           100%       N/A       1%          2
 Sublimation of Blood     Necr           91%        N/A       1%          2
 Gell's Gravitas          Tloc           68%        N/A       1%          3
 Hailstorm                Conj/Ice       61%        3d13      1%          3
 Spider Form              Tmut/Pois      62%        N/A       1%          3
 Animate Dead             Necr           91%        N/A       1%          4
 Agony                    Necr           91%        N/A       1%          5
 Fulminant Prism          Conj/Hex       26%        3d14      9%          4
 Cause Fear               Hex            15%        N/A       26%         4
 Summon Mana Viper        Hex/Summ       31%        N/A       54%         5
 Starburst                Conj/Fire      30%        6d9       61%         6
 Plasma Beam              Fire/Air       26%        2x1d42    77%         6
 Summon Hydra             Summ           15%        N/A       100%        7


Dungeon Overview and Level Annotations

Branches:
Dungeon (12/15)            Temple (0/1) D:6             Orc (1/2) D:10
 Bailey (visited)
   Lair: D:8-11

Altars:
Dithmenos
Fedhas
Hepliaklqana
Nemelex Xobeh
Okawaru
Qazlal
Ru
Trog
Uskayaw
Vehumet
Zin
The Shining One

Shops:
D:2 =   D:4 (   D:11 *

Annotations:
D:11 Lodul


Message History

Aim: an orc knight, wielding a +0 war axe and wearing a +0 plate armour (severely wounded, confused)
You feel a surge of power!
You draw life force from the orc knight!
You feel life coursing into your body. The orc hits you but does no damage.
The troll bites you. The troll claws you.
The troll claws you but does no damage. The orc knight barely misses you.
Casting: Vampiric Draining (safe; 1% risk of failure)
Confirm with . or Enter, or press ? or * to list all spells.
Aiming: Vampiric Draining (safe; 1% risk of failure)
Press: ? - help, Shift-Dir - straight line, f/p - orc knight
Aim: an orc knight, wielding a +0 war axe and wearing a +0 plate armour (almost dead, confused)
You feel a surge of power!
You draw life force from the orc knight!!
You feel a bit better.
You kill the orc knight!
Vehumet accepts your kill.
You feel life coursing into your body! The orc completely misses you.
The troll bites you. The troll claws you! The troll claws you.
* * * LOW HITPOINT WARNING * * *
Casting: Vampiric Draining (safe; 1% risk of failure)
Confirm with . or Enter, or press ? or * to list all spells.
Aiming: Mephitic Cloud (safe; 1% risk of failure)
Press: ? - help, Shift-Dir - straight line, f - orc warrior
Aim: an orc warrior, wielding a +0 trident, wearing a +0 chain mail and quivering boomerangs (moderately wounded, strong, confused, chance to affect: 81%)
You feel a surge of power!
The ball explodes into a vile cloud!
The stinking cloud engulfs the orc warrior but does no damage.
The orc warrior is moderately wounded.
The stinking cloud engulfs the troll but does no damage.
The troll is moderately wounded.
The stinking cloud engulfs you but does no damage.
The stinking cloud engulfs the orc but does no damage.
You howl as the wereblood boils in your veins!
The orc completely misses you.
The orc warrior is engulfed in noxious fumes.
The orc warrior appears confused.
The orc warrior hits you with a +0 trident!!
* * * LOW HITPOINT WARNING * * *
The troll is engulfed in noxious fumes.
The troll bites you but does no damage. The troll claws you.
You die...

### ##.##
#...# ##@o.##
#To☼..#
#...§§..##
....#.....#
..#.........#
......o#.#.##
........####
$..#...#
......


You could see a troll, 2 orc warriors and an orc.

Vanquished Creatures
  Harold (D:9)
  2 two-headed ogres
  Pikel (D:6)
  An ugly thing (D:12)
  3 orc knights
  Joseph (D:7)
  5 cyclopes
  A gargoyle (D:10)
  A rime drake (D:11)
  A kobold demonologist (D:9)
  A polar bear (D:11)
  5 trolls
  2 centaur simulacra (D:11)
  A vampire (D:12)
  A wraith (D:12)
  2 basilisks
  9 yaks
  2 steam dragons
  2 wyverns
  Menkaure (D:7)
  3 ice beasts
  A sky beast (D:6)
  10 orc warriors
  2 black bears
  7 ogres
  2 centaurs
  5 wolves
  A phantom (D:7)
  Blork the orc (D:6)
  4 kobold brigands
  4 gnoll sergeants
  2 bullfrogs
  2 scorpions (D:5)
  9 wights
  19 killer bees
  2 howler monkeys (D:10)
  An electric eel (D:11)
  2 quasits
  2 gnoll boudas
  6 hounds
  A jelly (D:6)
  Crazy Yiuf (D:7)
  8 orc priests
  A sleepcap (D:5)
  5 iguanas
  12 orc wizards
  30 gnolls
  9 adders
  3 shadow imps (D:8)
  9 white imps
  4 ufetubi
  A worm (D:4)
  3 dart slugs
  57 orcs
  6 ball pythons
  4 bats
  4 endoplasms
  9 goblins
  7 hobgoblins
  A quokka (D:1)
  4 frilled lizards
  21 kobolds
  A rat (D:2)
329 creatures vanquished.

Vanquished Creatures (others)
  A killer bee (D:11)
1 creature vanquished.

Grand Total: 330 creatures vanquished

Notes
Turn   | Place    | Note
-------+----------+-------------------------------------------
     0 | D:1      | Esekla the Deep Elf Necromancer began the quest for the
                  | Orb.
     0 | D:1      | Reached XP level 1. HP: 10/10 MP: 6/6
   192 | D:1      | Reached skill level 5 in Necromancy
   374 | D:4      | Found an iron altar of Okawaru.
   408 | D:4      | Found a glowing silver altar of Zin.
   460 | D:4      | Found a radiant altar of Vehumet.
   464 | D:4      | Became a worshipper of Vehumet
   559 | D:3      | Reached XP level 2. HP: 12/15 MP: 8/8
   638 | D:3      | Identified the +5 rapier of the Hero {heavy, rN+ Dex+3}
   713 | D:2      | Found Renulab's Jewellery Shop.
   861 | D:2      | Noticed a black bear
   923 | D:1      | Reached XP level 3. HP: 19/19 MP: 9/9
   927 | D:1      | Learned a level 3 spell: Vampiric Draining
  1009 | D:1      | Reached * piety under Vehumet
  1009 | D:1      | Offered knowledge of Kiss of Death by Vehumet.
  1014 | D:1      | Learned a level 3 spell: Teleport Other
  1259 | D:2      | Reached skill level 1 in Short Blades
  1281 | D:2      | Reached XP level 4. HP: 22/24 MP: 1/11
  1361 | D:2      | Found a faded altar of an unknown god.
  1403 | D:2      | Killed a black bear
  1404 | D:2      | Reached skill level 4 in Spellcasting
  1404 | D:2      | Reached skill level 1 in Translocations
  1404 | D:2      | Reached XP level 5. HP: 16/28 MP: 2/13
  1620 | D:2      | Learned a level 1 spell: Kiss of Death
  1794 | D:3      | Found a stormy altar of Qazlal.
  1796 | D:3      | Found a bloodstained altar of Trog.
  1798 | D:3      | Found a hazy altar of Hepliaklqana.
  2305 | D:4      | Found a glowing golden altar of the Shining One.
  2314 | D:4      | Reached XP level 6. HP: 29/32 MP: 14/14
  2490 | D:4      | Offered knowledge of Freeze by Vehumet.
  2494 | D:4      | Learned a level 1 spell: Freeze
  2514 | D:4      | Reached ** piety under Vehumet
  2757 | D:4      | Reached skill level 5 in Spellcasting
  2905 | D:4      | Found Ponaysk's Antique Weapon Boutique.
  3058 | D:5      | Entered Level 5 of the Dungeon
  3202 | D:5      | Reached XP level 7. HP: 36/36 MP: 17/17
  3633 | D:5      | Reached skill level 6 in Spellcasting
  3679 | D:5      | Found a shadowy altar of Dithmenos.
  3837 | D:5      | Got the Parchment of the Lumpy Olives
  4019 | D:6      | Found a staircase to the Ecumenical Temple.
  4100 | D:6      | Offered knowledge of Hailstorm by Vehumet.
  4110 | D:6      | Learned a level 3 spell: Hailstorm
  4126 | D:6      | Noticed Pikel
  4147 | D:6      | Killed Pikel
  4148 | D:6      | Reached skill level 5 in Dodging
  4148 | D:6      | Reached skill level 7 in Spellcasting
  4148 | D:6      | Reached XP level 8. HP: 27/41 MP: 7/21
  4205 | D:6      | Found a blossoming altar of Fedhas.
  4216 | D:6      | Reached skill level 8 in Spellcasting
  4237 | D:6      | Reached *** piety under Vehumet
  4641 | D:6      | Noticed Blork the orc
  4655 | D:6      | Killed Blork the orc
  4842 | D:7      | Reached XP level 9. HP: 45/45 MP: 19/23
  4969 | D:7      | Noticed Menkaure
  4986 | D:7      | Reached skill level 1 in Shields
  5243 | D:7      | Found a runed translucent door.
  5244 | D:7      | Noticed Crazy Yiuf
  5251 | D:7      | Killed Crazy Yiuf
  5251 | D:7      | Offered knowledge of Fulminant Prism by Vehumet.
  5252 | D:7      | Reached skill level 9 in Spellcasting
  5263 | D:7      | Learned a level 4 spell: Fulminant Prism
  5501 | D:7      | Killed Menkaure
  5661 | D:7      | Noticed Joseph
  5689 | D:7      | Killed Joseph
  5690 | D:7      | Reached skill level 10 in Spellcasting
  6113 | D:7      | Reached **** piety under Vehumet
  6168 | D:7      | Reached skill level 5 in Translocations
  6258 | D:7      | Offered knowledge of Irradiate by Vehumet.
  6266 | D:7      | Learned a level 5 spell: Irradiate
  6532 | D:8      | Noticed a two-headed ogre
  6828 | D:8      | Killed a two-headed ogre
  6829 | D:8      | Reached skill level 1 in Long Blades
  6829 | D:8      | Reached skill level 1 in Throwing
  6829 | D:8      | Reached skill level 1 in Conjurations
  6829 | D:8      | Reached skill level 1 in Transmutations
  6829 | D:8      | Reached XP level 10. HP: 50/50 MP: 26/26
  6939 | D:8      | Found a hide-covered altar of Uskayaw.
  6975 | D:8      | Found a transporter.
  6976 | D:8      | Found a transporter.
  6979 | D:8      | Found a transporter.
  6994 | D:8      | Found a transporter.
  7651 | D:9      | Noticed a two-headed ogre
  7679 | D:9      | Killed a two-headed ogre
  7680 | D:9      | Reached skill level 5 in Stealth
  7741 | D:9      | Found a flagged portal.
  7763 | Bailey   | Entered a bailey
  7897 | Bailey   | Reached skill level 11 in Spellcasting
  7906 | Bailey   | Identified the +2 bardiche of Puhoisos {heavy, rElec
                  | Stlth+}
  8067 | Bailey   | Noticed an orc knight
  8067 | Bailey   | Noticed an orc knight
  8083 | Bailey   | Killed an orc knight
  8092 | Bailey   | Killed an orc knight
  8370 | D:10     | Entered Level 10 of the Dungeon
  8489 | D:10     | Found a staircase to the Orcish Mines.
  8545 | D:10     | Noticed a gargoyle
  8569 | D:9      | Noticed a cyclops
  8587 | D:11     | HP: 2/48 [wight/+5 long sword (10)]
  8589 | D:11     | Reached XP level 11. HP: 2/53 MP: 28/28
  8866 | D:12     | Reached skill level 12 in Spellcasting
  9051 | D:12     | Found a portal to a secret trove of treasure.
  9060 | D:12     | Reached ***** piety under Vehumet
  9113 | D:12     | Reached skill level 1 in Armour
  9197 | Trove    | Entered a treasure trove
  9206 | Trove    | Identified the ring of Akemeir {Fire Str+4}
  9209 | Trove    | Identified the ring of Descent {rPois rC+ Int+5 Stlth-}
  9228 | Trove    | Identified the +3 ring mail "Poady" {+Inv rF+ Dex+2 Slay-4}
  9292 | D:12     | Learned a level 5 spell: Fireball
  9395 | D:12     | Noticed a red ugly thing
  9411 | D:12     | Killed a red ugly thing
  9637 | D:12     | Learned a level 2 spell: Wereblood
  9752 | D:12     | Reached skill level 10 in Necromancy
  9847 | D:12     | Learned a level 3 spell: Mephitic Cloud
  9853 | D:12     | Learned a level 5 spell: Freezing Cloud
 10049 | D:11     | Learned a level 2 spell: Poisonous Vapours
 10088 | D:11     | Reached skill level 1 in Ice Magic
 10195 | D:10     | Found a sacrificial altar of Ru.
 10426 | D:9      | Reached skill level 1 in Poison Magic
 10453 | D:9      | Reached skill level 1 in Air Magic
 10500 | D:9      | Reached skill level 1 in Fire Magic
 10515 | D:9      | Found a sparkling altar of Nemelex Xobeh.
 10575 | D:9      | Noticed Harold
 10589 | D:9      | Killed Harold
 10895 | D:2      | Bought the ring of the Mage {Wiz Archmagi} for 714 gold
                  | pieces
 10895 | D:2      | Found the ring of the Mage {Wiz Archmagi}
 11806 | D:11     | Reached skill level 13 in Spellcasting
 11950 | D:11     | Reached XP level 12. HP: 55/66 MP: 10/31
 11954 | D:11     | Noticed Lodul
 12063 | D:11     | Reached skill level 5 in Transmutations
 12103 | D:11     | Found Fagafuf's Pet Rocks.
 12189 | Orc:1    | Entered Level 1 of the Orcish Mines
 12210 | Orc:1    | HP: 2/66 [orc warrior/+0 trident[an orc knight] (18)]
 12210 | Orc:1    | Slain by a troll

Illustrated notes

Levels and vault maps discovered:
D:1:      sevenhm_arrival_forest_fort_small_3, layout_rooms,
          chequers_serial_rivers_room_b, minmay_misc_feat_five
D:2:      layout_loops_ring, dreamdust_ecumenical_altar_angels_and_demons,
          serial_shops, shop
D:3:      layout_basic, grunt_temple_overflow_open, minmay_misc_feat_iff
D:4:      layout_basic, nicolae_overflow_quartered_altars, serial_shops,
          nicolae_diamond_shop
D:5:      layout_loops_ring, lemuel_doored_altar, minmay_misc_feat_rows,
          dreamdust_wishing_well
D:6:      layout_loops_cross, fedhas_altar_fruit_tree,
          minmay_temple_entry_glass, uniq_pikel, uniq_blork_the_orc
D:7:      layout_basic, uniq_menkaure, uniq_joseph, uniq_crazy_yiuf_cottage
D:8:      layout_basic, nicolae_uskayaw_dance_hall, serial_demonic,
          serial_demonic_d, serial_demonic_a, serial_demonic_c,
          serial_demonic_c, nicolae_diode_quadrants
D:9:      layout_irregular_city, kennysheep_little_box, enter_bailey_4,
          minmay_between, uniq_harold
D:10:     layout_basic, nicolae_ru_awakened_eye
D:11:     layout_rooms, hellmonk_lair_entry_icy, serial_ice, serial_ice_j,
          serial_ice_m, serial_ice_o, serial_ice_c, serial_ice_g, serial_ice_f,
          guppyfry_shop_earth, uniq_psyche, uniq_lodul
D:12:     layout_roguey, nicolae_trove_entry_crossroad
Orc:1:    layout_caves

Skill      XL: |  1  2  3  4  5  6  7  8  9 10 11 12 |
---------------+-------------------------------------+-----
Necromancy     | 5 6 7 8 9 10 | 10.4
Dodging        | 3 4 5 6 7 8 9 |  9.2
Short Blades   | 1 2 3 4 |  4.2
Stealth        | 3 4 5 |  5.1
Spellcasting   | 4 5 7 8 10 11 13 | 13.6
Translocations | 1 2 3 4 5 |  5.1
Shields        | 2 3 |  3.0
Long Blades    | 1 2 3 |  3.3
Throwing       | 1 |  1.4
Conjurations   | 1 3 4 |  4.8
Transmutations | 1 3 4 5 |  5.1
Fighting       | 2 4 |  4.2
Armour         | 2 |  2.8
Ice Magic      | 2 |  2.6
Poison Magic   | 2 |  2.7
Air Magic      | 2 |  2.3
Fire Magic     | 2 |  2.5
Evocations     | |  0.8

Action                     |  1- 3 |  4- 6 |  7- 9 | 10-12 || total
---------------------------+-------+-------+-------+-------++-------
  Melee: Short sword       |    42 |       |       |       ||    42
         Unarmed           |     9 |       |       |       ||     9
         Rapier            |    36 |    68 |   104 |    18 ||   226
         Scimitar          |       |       |   100 |   264 ||   364
         Punch             |       |       |     2 |       ||     2
  Throw: Dart              |       |     1 |    24 |    17 ||    42
   Cast: Vampiric Draining |     3 |    20 |    74 |   134 ||   231
         Teleport Other    |       |       |     7 |     5 ||    12
         Poisonous Vapours |       |       |       |    38 ||    38
         Fireball          |       |       |       |     8 ||     8
         Wereblood         |       |       |       |     9 ||     9
         Irradiate         |       |       |       |     6 ||     6
         Mephitic Cloud    |       |       |       |     9 ||     9
  Evoke: Wand              |       |       |     9 |    15 ||    24
    Use: Potion            |       |       |     3 |     1 ||     4
         Scroll            |       |       |       |    18 ||    18
   Stab: Sleeping          |     3 |     9 |     7 |     4 ||    23
         Distracted        |       |     2 |     1 |     1 ||     4
         Confused          |       |       |       |     4 ||     4
 Armour: Robe              |    13 |    18 |    62 |    58 ||   151
         Troll leather arm |       |       |       |    70 ||    70
  Dodge: Dodged            |    69 |    53 |   266 |   405 ||   793
  Block: Buckler           |       |       |     7 |   130 ||   137
